 Dungeon Crawl Stone Soup version 0.19.5 (webtiles) character file.

60 devil0150 the Magician (level 3, 0/21 HPs)
             Began as a High Elf Wizard on Apr 11, 2017.
             Was an Initiate of Makhleb.
             Slain by an orc
             ... wielding a +0 dagger
              (5 damage)
             ... on level 2 of the Dungeon.
             The game lasted 00:07:34 (2413 turns).

devil0150 the Magician (High Elf Wizard)            Turns: 2413, Time: 00:07:35

Health: 0/21       AC:  2    Str:  6    XL:     3   Next: 82%
Magic:  5/10       EV: 13    Int: 25    God:    Makhleb [......]
Gold:   21         SH:  0    Dex: 16    Spells: 3 memorised, 6 levels left

rFire  + . .     SeeInvis .     e - +0 short sword
rCold  x . .     Gourm    .     a - +0 robe
rNeg   . . .     Faith    .     (no shield)
rPois  .         Spirit   .     b - +0 hat
rElec  .         Reflect  .     (no cloak)
rCorr  .         Harm     .     (no gloves)
MR     .....     Clarity  +     l - +0 pair of boots
Stlth  ++........               (no amulet)
                                h - +3 ring of intelligence
                                f - ring of fire

@: lethally poisoned (0 -> -6)
A: agile 1, clarity, deformed body
a: Renounce Religion


You were on level 2 of the Dungeon.
You worshipped Makhleb.
Makhleb was noncommittal.
You were not hungry.

You visited 1 branch of the dungeon, and saw 3 of its levels.

You collected 21 gold pieces.

Inventory:

Hand Weapons
 e - a +0 short sword (weapon)
 g - a +1 hand axe of electrocution
 n - a +1 dagger of draining
Missiles
 i - 66 arrows
Armour
 a - a +0 robe (worn)
 b - a +0 hat (worn)
 l - a +0 pair of boots (worn)
Jewellery
 f - a ring of fire (left hand)
 h - a +3 ring of intelligence (right hand)
Books
 c - a book of Minor Magic

   Spells                             Type                      Level
   a - Magic Dart                     Conjuration                  1
   b - Blink                          Translocation                2
   c - Call Imp                       Summoning                    2
   d - Repel Missiles                 Charms/Air                   2
   e - Slow                           Hexes                        2
   f - Conjure Flame                  Conjuration/Fire             3
   g - Mephitic Cloud                 Conjuration/Poison/Air       3
Comestibles
 d - 2 bread rations
 j - 3 fruits
 k - 7 chunks of flesh


   Skills:
 + Level 2.7 Dodging
 + Level 2.2 Stealth
 + Level 4.8 Spellcasting
 + Level 1.9 Conjurations
 + Level 0.8 Summonings
 + Level 1.1 Translocations


You had 6 spell levels left.
You knew the following spells:

 Your Spells              Type           Power        Failure   Level  Hunger
a - Magic Dart            Conj           ###.         4%          1    None
b - Call Imp              Summ           ##......     10%         2    None
c - Blink                 Tloc           N/A          10%         2    None


Dungeon Overview and Level Annotations

Branches:
Dungeon (3/15)

Altars:
Makhleb
Xom


Innate Abilities, Weirdness & Mutations

You are agile. (Dex +2)
You possess an exceptional clarity of mind.
Armour fits poorly on your strangely shaped body.


Message History

The magic dart hits the adder.
The adder is heavily wounded.
The adder misses you. The orc hits you with a dagger. The kobold misses you.
Casting: Magic Dart
Confirm with . or Enter, or press ? or * to list all spells.
Aiming: Magic Dart
Press: ? - help, Shift-Dir - straight line, f/p - adder
Aim: an adder (heavily wounded)
The magic dart hits the adder.
The adder is severely wounded.
The adder bites you. The orc closely misses you.
The kobold completely misses you. The adder bites you.
* * * LOW HITPOINT WARNING * * *
You are lethally poisoned!
The adder poisons you!
It was a potion of mutation.
You feel extremely strange.
Your thoughts seem clearer.
Your body twists and deforms.
You feel agile.
* * * LOW HITPOINT WARNING * * *
You feel sick. The orc hits you with a dagger.
You die...

#................# #####
#.#..####........# #...##
#........# #..## #........# #
#..# #<.......## # #..##
#.........## # #...#
#######.#..# ####.#.##
####Ko.[..#
##...#..#####..S@###.<####
...#.......#..#### ##....#
.###.......#.## ####.#####
.###.......#.##########......#
.............................#
####.......############......#
#...>...# ######## #########


You could see an adder, an orc and a kobold.

Vanquished Creatures
  2 adders (D:2)
  A dart slug (D:2)
  2 orcs (D:2)
  2 bat zombies (D:1)
  2 giant cockroaches (D:2)
  7 goblins
  5 hobgoblins
  6 bats
  2 frilled lizards
  4 kobolds
  4 rats
37 creatures vanquished.

Notes
Turn   | Place    | Note
-------+----------+-------------------------------------------
     0 | D:1      | devil0150 the High Elf Wizard began the quest for the Orb.
     0 | D:1      | Reached XP level 1. HP: 11/11 MP: 6/6
   175 | D:1      | Reached skill level 4 in Spellcasting
   513 | D:1      | Reached XP level 2. HP: 17/17 MP: 6/8
   574 | D:1      | Learned a level 2 spell: Call Imp
   577 | D:1      | Learned a level 2 spell: Blink
  1308 | D:2      | Found a shimmering altar of Xom.
  1578 | D:2      | Reached XP level 3. HP: 21/21 MP: 5/9
  1714 | D:2      | Found a burning altar of Makhleb.
  1723 | D:2      | Became a worshipper of Makhleb the Destroyer
  2413 | D:2      | Gained mutation: You possess an exceptional clarity of mind. [potion of mutation]
  2413 | D:2      | Gained mutation: Armour fits poorly on your strangely shaped body. [potion of mutation]
  2413 | D:2      | Gained mutation: You are agile. (Dex +2) [potion of mutation]
  2413 | D:2      | Slain by an orc

Skill      XL: |  1 |
---------------+----+-----
Spellcasting   | 4 |  4.8
Dodging        | |  2.7
Stealth        | |  2.2
Conjurations   | |  1.9
Summonings     | |  0.8
Translocations | |  1.1

Action                   || total
-------------------------++-------
Melee: Unarmed           ||     8
 Cast: Magic Dart        ||    96
       Blink             ||     2
       Call Imp          ||     1
  Use: Scroll            ||     5
       Potion            ||     1
  Eat: Chunk             ||     4
Armor: Robe              ||     4
Dodge: Dodged            ||    46
